 Dungeon Crawl Stone Soup version 0.27.1-35-g4d5d836560 (webtiles) character file.

Game seed: 3552353598258014231

20641 Delamore the Severer (level 13, -6/96 HPs)
             Began as a Formicid Fighter on Apr 15, 2022.
             Was an Initiate of Gozag.
             Mangled by makewrite's ghost (13 damage)
             ... on level 1 of the Orcish Mines.
             The game lasted 00:16:33 (14945 turns).

Delamore the Severer (Formicid Fighter)            Turns: 14945, Time: 00:16:34

Health: -6/96      AC: 13    Str: 25    XL:     13   Next: 13%
Magic:  13/13      EV: 12    Int:  9    God:    Gozag
Gold:   2055       SH: 12    Dex: 13    Spells: 12/12 levels left

rFire    . . .     SeeInvis +   A - +5 war axe of Fedghaus {freeze, rN+ Dex+3}
rCold    + . .     Faith    .   c - +0 kite shield
rNeg     + . .     Spirit   .   T - +0 chain mail {rC+}
rPois    .         Reflect  .   (helmet unavailable)
rElec    .         Harm     .   y - +2 cloak
rCorr    .         Rampage  .   (no gloves)
Will     +....                  (no boots)
Stlth    ..........             s - amulet of regeneration
HPRegen  1.26/turn              F - +4 ring of evasion
MPRegen  0.13/turn              (no ring)

@: mighty, brilliant
A: permanent stasis, dig shafts and tunnels, antennae 3, four strong arms
a: Dig, Shaft Self, Renounce Religion, Potion Petition, Call Merchant, Bribe
Branch


You were on level 1 of the Orcish Mines.
You worshipped Gozag.
Gozag was most pleased with you.
You visited 3 branches of the dungeon, and saw 14 of its levels.

You collected 3255 gold pieces.
You spent 265 gold pieces at shops.
You paid 935 gold pieces to Gozag.

Inventory:

Hand Weapons
 a - a +0 war axe
 A - the +5 war axe of Fedghaus (weapon) {freeze, rN+ Dex+3}
   (You found it on level 7 of the Dungeon)

   It freezes those it strikes, dealing additional cold damage.
   It can also slow down cold-blooded creatures.
   Dex:       It affects your dexterity (+3).
   rN:        It protects you from negative energy.
Missiles
 e - 2 silver javelins
 k - 8 javelins
 m - 31 boomerangs
 u - 37 poisoned darts (quivered)
 C - 5 atropa-tipped darts
 N - a throwing net
 S - 7 boomerangs of dispersal
Armour
 c - a +0 kite shield (worn)
 t - a +0 plate armour
 y - a +2 cloak (worn)
 T - a +0 chain mail of cold resistance (worn)
Jewellery
 s - an amulet of regeneration (around neck)
 F - a +4 ring of evasion (left hand)
 L - an amulet of magic regeneration
Wands
 f - a wand of flame (82)
 v - a wand of charming (12)
 D - a wand of mindburst (16)
 J - a wand of acid (13)
Scrolls
 g - a scroll of fog
 p - 2 scrolls of noise
 q - 4 scrolls of enchant weapon
 B - 3 scrolls of teleportation
 G - 2 scrolls of magic mapping
 H - a scroll of immolation
 I - a scroll of silence
 O - a scroll of summoning {unknown}
 P - a scroll of fear
 Q - a scroll of vulnerability
 R - 4 scrolls of identify
Potions
 d - 5 potions of might
 h - 4 potions of curing
 i - 4 potions of lignification
 j - 2 potions of berserk rage {unknown}
 l - a potion of magic
 n - 2 potions of degeneration
 r - a potion of heal wounds
 w - 2 potions of cancellation
 x - 2 potions of flight {unknown}
 z - 2 potions of ambrosia {unknown}
 E - a potion of attraction {unknown}
 M - 2 potions of brilliance {unknown}
Miscellaneous
 K - a phial of floods


   Skills:
 + Level 7.1 Fighting
 - Level 16.0 Axes
 + Level 6.8 Throwing
 - Level 5.0 Armour
 - Level 9.0 Shields
 + Level 4.7 Evocations


You had 12 spell levels left.
You didn't know any spells.
Your spell library contained the following spells:

 Spells                   Type           Power      Damage    Failure   Level
 Corona                   Hex            0%         N/A       95%         1
 Magic Dart               Conj           0%         1d3       95%         1
 Summon Small Mammal      Summ           0%         N/A       95%         1
 Call Imp                 Summ           0%         N/A       98%         2
 Ensorcelled Hibernation  Hex/Ice        0%         N/A       98%         2
 Passwall                 Tmut/Erth      0%         N/A       98%         2
 Call Canine Familiar     Summ           0%         N/A       100%        3
 Mephitic Cloud           Conj/Pois/Air  0%         N/A       100%        3
 Ozocubu's Armour         Ice            0%         N/A       100%        3
 Summon Guardian Golem    Hex/Summ       0%         N/A       100%        3
 Tukima's Dance           Hex            0%         N/A       100%        3
 Airstrike                Air            0%         N/A       100%        4
 Summon Lightning Spire   Summ/Air       0%         N/A       100%        4
 Lightning Bolt           Conj/Air       0%         1d11      100%        5
 Metabolic Englaciation   Hex/Ice        0%         N/A       100%        5
 Invisibility             Hex            0%         N/A       100%        6
 Simulacrum               Ice/Necr       0%         N/A       100%        6
 Swiftness                Air            Unusable   N/A       N/A         3

Dungeon Overview and Level Annotations

Branches:
Dungeon (11/15)            Temple (1/1) D:7            Lair (0/6) D:11
    Orc (2/2) D:9             Elf (0/3) Orc:2

Altars:
Ashenzari
Cheibriados
Dithmenos
Fedhas
Gozag
Hepliaklqana
Kikubaaqudgha
Makhleb
Nemelex Xobeh
Okawaru
Sif Muna
Uskayaw
Vehumet
Wu Jian
Xom
The Shining One
Beogh

Shops:
D:1 [   D:3 !   D:4 (   D:7 **   D:9 (   D:10 (   Orc:1 (   Orc:2 (*?*

Annotations:
Orc:1 makewrite's ghost, journeyman MiBe


Innate Abilities, Weirdness & Mutations

You cannot be hasted, slowed, berserked, paralysed or teleported.
You can dig through walls and to a lower floor.
You have a pair of large antennae on your head. (SInv)
Your four strong arms can wield two-handed weapons with a shield.


Message History

[c] - 624 gold - resistance, heal wounds, curing and magic Purchase which effect?
You feel very mighty all of a sudden.
You feel clever all of a sudden. You block makewrite's ghost's attack.
You feel much better. You block makewrite's ghost's attack.
You closely miss makewrite's ghost.
Makewrite's ghost is heavily damaged.
You block makewrite's ghost's attack.
You hit makewrite's ghost. You freeze makewrite's ghost.
Makewrite's ghost is heavily damaged.
You block makewrite's ghost's attack.
You barely miss makewrite's ghost.
Makewrite's ghost is heavily damaged.
You completely miss makewrite's ghost.
Makewrite's ghost is heavily damaged.
Makewrite's ghost hits you!
You hit makewrite's ghost but do no damage.
Makewrite's ghost is heavily damaged.
Makewrite's ghost misses you.
You slash makewrite's ghost!
Makewrite's ghost is severely damaged.
You hit makewrite's ghost.
Makewrite's ghost is severely damaged.
Makewrite's ghost hits you!!
* * * LOW HITPOINT WARNING * * *
You closely miss makewrite's ghost.
Makewrite's ghost is severely damaged.
Makewrite's ghost hits you but does no damage.
You feel much better. Makewrite's ghost barely misses you.
You slash makewrite's ghost! You freeze makewrite's ghost.
Makewrite's ghost is severely damaged.
You hit makewrite's ghost.
Makewrite's ghost is severely damaged.
Makewrite's ghost hits you!!
* * * LOW HITPOINT WARNING * * *
You slash makewrite's ghost! You freeze makewrite's ghost.
Makewrite's ghost is almost destroyed.
Makewrite's ghost hits you!
You die...
Your body crumbles into a pile of gold.

##............##..........
#.......#.....#......#..#
##..#..#.##......#....###
###......###.#.##.....#
#....##########......##
##..###.8.# ##.##...#
#....##$):# ##.###.##
##....##W## #...####
#.....@..# #####.##
##........###.#####
#......#.......#
##...##.......###
##.###.......#.## ###
##.........# #..........#
##........## ##.....###


You could see makewrite's ghost.

Vanquished Creatures
  Harold (D:9)
  A hydra (D:11)
  A two-headed ogre (D:10)
  4 orc high priests (Orc:2)
  Urug (D:10)
  Pikel (D:6)
  3 orc sorcerers
  2 cyclopes
  An elephant (D:11)
  3 trolls
  A hornet (D:8)
  Grinder (D:6)
  Prince Ribbit (D:7)
  A meliai zombie (D:11)
  A wraith (D:11)
  A wyvern (D:11)
  Sigmund (D:4)
  6 yaks (D:6)
  Eustachio (D:4)
  2 steam dragons
  2 basilisks
  Menkaure (D:6)
  An acid dragon (D:9)
  Edmund (D:4)
  A warg (Orc:1)
  A water moccasin (D:5)
  24 orc warriors
  4 black bears
  3 necrophages
  An ice beast (D:7)
  12 ogres
  9 centaurs
  A phantom (D:7)
  3 kobold brigands
  3 bullfrogs
  2 scorpions
  A water moccasin zombie (D:6)
  7 killer bees
  3 wights (D:7)
  A howler monkey (D:4)
  4 centaur zombies
  3 hounds
  A bullfrog zombie (D:5)
  Crazy Yiuf (D:4)
  A centaur skeleton (D:7)
  39 orc priests
  2 bullfrog skeletons
  A gnoll shaman (D:9)
  An iguana (D:5)
  26 orc wizards
  A howler monkey zombie (D:9)
  5 gnolls
  A howler monkey skeleton (D:6)
  9 adders
  2 white imps
  A worm (D:3)
  5 dart slugs
  80 orcs
  3 endoplasms
  5 giant cockroaches
  2 goblins
  14 hobgoblins
  13 jackals
  4 quokkas
  8 ball pythons
  4 bats
  3 frilled lizards
  16 kobolds
  3 rats
373 creatures vanquished.

Vanquished Creatures (others)
  2 withered plants (Orc:1)
2 creatures vanquished.

Grand Total: 375 creatures vanquished

Notes
Turn   | Place    | Note
-------+----------+-------------------------------------------
     0 | D:1      | Delamore the Formicid Fighter began the quest for the Orb.
     0 | D:1      | Reached XP level 1. HP: 18/18 MP: 1/1
    94 | D:1      | Reached XP level 2. HP: 9/24 MP: 2/2
   362 | D:1      | Found a faded altar of an unknown god.
   368 | D:1      | Reached XP level 3. HP: 23/29 MP: 3/3
   459 | D:1      | Reached skill level 3 in Axes
   665 | D:1      | Found Beviga's Antique Armour Shoppe.
   818 | D:1      | Reached XP level 4. HP: 29/37 MP: 4/4
  1965 | D:3      | Reached XP level 5. HP: 42/42 MP: 5/5
  2605 | D:3      | Found an ornate altar of the Wu Jian Council.
  2657 | D:3      | Reached skill level 4 in Axes
  2790 | D:3      | Found Acsuop's Distillery.
  2878 | D:3      | Bought a potion of degeneration for 12 gold pieces
  2878 | D:3      | Bought a potion of curing for 36 gold pieces
  3021 | D:3      | Found a sparkling altar of Nemelex Xobeh.
  3323 | D:4      | Noticed an ogre
  3647 | D:3      | Killed an ogre
  3648 | D:3      | Reached skill level 5 in Shields
  3648 | D:3      | Reached XP level 6. HP: 49/49 MP: 6/6
  3726 | D:4      | Found Daateuje's Weapon Emporium.
  4070 | D:4      | Noticed Sigmund
  4074 | D:4      | Killed Sigmund
  4075 | D:4      | Reached skill level 5 in Fighting
  4075 | D:4      | Reached skill level 5 in Axes
  4075 | D:4      | Reached XP level 7. HP: 51/56 MP: 7/7
  4191 | D:4      | Reached skill level 6 in Axes
  4296 | D:4      | Noticed Eustachio
  4314 | D:4      | Killed Eustachio
  4403 | D:4      | Noticed Edmund
  4417 | D:4      | Reached skill level 7 in Axes
  4419 | D:4      | Killed Edmund
  4420 | D:4      | Reached XP level 8. HP: 21/62 MP: 8/8
  4670 | D:4      | Reached skill level 8 in Axes
  5080 | D:4      | Found a runed translucent door.
  5081 | D:4      | Noticed Crazy Yiuf
  5284 | D:4      | Killed Crazy Yiuf
  5455 | D:5      | Entered Level 5 of the Dungeon
  5460 | D:5      | Reached skill level 1 in Throwing
  5783 | D:5      | Reached skill level 9 in Axes
  5943 | D:5      | Reached XP level 9. HP: 47/68 MP: 9/9
  6693 | D:5      | Reached skill level 10 in Axes
  7210 | D:6      | HP: 3/68 [steam dragon/ball of steam (16)]
  7323 | D:6      | Found a broken altar of Ashenzari.
  7413 | D:6      | Noticed Grinder
  7440 | D:6      | Killed Grinder
  7441 | D:6      | Reached skill level 5 in Throwing
  7488 | D:6      | Reached skill level 11 in Axes
  7488 | D:6      | Reached XP level 10. HP: 52/74 MP: 10/10
  7547 | D:6      | Reached skill level 12 in Axes
  7638 | D:6      | Noticed Menkaure
  7646 | D:6      | Killed Menkaure
  7826 | D:6      | Noticed Pikel
  7848 | D:6      | Killed Pikel
  8339 | D:6      | Found a shadowy altar of Dithmenos.
  8472 | D:7      | Found a staircase to the Ecumenical Temple.
  8491 | D:7      | Identified the +5 war axe of Fedghaus {freeze, rN+ Dex+3}
  8498 | Temple   | Entered the Ecumenical Temple
  8645 | Temple   | Became a worshipper of Gozag Ym Sagoz the Greedy
  8915 | D:7      | Reached skill level 13 in Axes
  9001 | D:7      | Found Avuraovvu's Specific Store.
  9009 | D:7      | Found Gaifafiaco's General Store.
  9025 | D:7      | Noticed Prince Ribbit
  9038 | D:7      | Killed Prince Ribbit
  9623 | D:8      | Reached XP level 11. HP: 69/79 MP: 11/11
 10619 | D:9      | Found a staircase to the Orcish Mines.
 10933 | D:9      | Found Gocwame's Weapon Shoppe.
 10936 | D:9      | Noticed Harold
 10950 | D:9      | Killed Harold
 10951 | D:9      | Reached skill level 14 in Axes
 11126 | D:10     | Entered Level 10 of the Dungeon
 11365 | D:10     | Noticed Urug
 11374 | D:10     | Killed Urug
 11446 | D:10     | Found Nuothibb's Weapon Shoppe.
 11766 | D:10     | Noticed a two-headed ogre
 11777 | D:10     | Killed a two-headed ogre
 11888 | D:11     | Noticed a six-headed hydra
 11898 | D:11     | Killed an eight-headed hydra
 11899 | D:11     | Reached skill level 15 in Axes
 12031 | D:11     | Reached XP level 12. HP: 86/86 MP: 12/12
 12410 | D:11     | Found a staircase to the Lair.
 12474 | D:11     | Identified the +4 hunting sling of Sharkskin {venom, rF+
                  | Dex+4 Stlth+}
 12628 | Orc:1    | Entered Level 1 of the Orcish Mines
 12702 | Orc:1    | You fall into a shaft and drop 1 floor!
 12702 | Orc:2    | Entered Level 2 of the Orcish Mines
 12743 | Orc:2    | Reached skill level 16 in Axes
 12756 | Orc:2    | Noticed an orc high priest
 12768 | Orc:2    | Reached skill level 1 in Evocations
 12775 | Orc:2    | Killed an orc high priest
 12778 | Orc:2    | Noticed an orc high priest
 12807 | Orc:2    | Killed an orc high priest
 12837 | Orc:2    | Noticed an orc high priest
 12858 | Orc:2    | Killed an orc high priest
 12859 | Orc:2    | Reached skill level 5 in Armour
 13006 | Orc:2    | Noticed an orc high priest
 13010 | Orc:2    | Noticed a sixfirhy
 13039 | Orc:2    | Killed an orc high priest
 13132 | Orc:2    | Found Sesow's Assorted Antiques.
 13132 | Orc:2    | Found Ocuhuot's General Store.
 13133 | Orc:2    | Found Loecvoibloo's Weapon Shop.
 13136 | Orc:2    | Found Poaffaeb's Magic Scroll Boutique.
 13515 | Orc:2    | HP: 4/89 [orc warrior (9)]
 13525 | Orc:1    | Found Saniq's Weapon Shoppe.
 13553 | Orc:1    | Reached XP level 13. HP: 60/95 MP: 13/13
 13944 | Orc:1    | Found a runed translucent door.
 13944 | Orc:1    | Noticed makewrite's ghost (journeyman MiBe)
 14445 | Orc:2    | Found a staircase to the Elven Halls.
 14627 | Orc:2    | Bought a scroll labelled QAALIWK KUET for 30 gold pieces
 14628 | Orc:2    | Bought 3 scrolls of identify for 72 gold pieces
 14628 | Orc:2    | Bought a scroll of identify for 24 gold pieces
 14633 | Orc:2    | Bought a potion of curing for 39 gold pieces
 14633 | Orc:2    | Bought a potion of might for 52 gold pieces
 14945 | Orc:1    | Mangled by makewrite's ghost

Illustrated notes

Levels and vault maps discovered:
D:1:      amcnicky_arrival_underground_garden, layout_loops_ring, serial_shops,
          nicolae_shop_statue_plus, ebering_ecumenical_altar_webs
D:2:      layout_basic
D:3:      layout_loops_corners, nemelex_spade_bored_becter,
          nicolae_wu_jian_immortal_techniques, serial_shops,
          nicolae_shop_crystal
D:4:      layout_loops_corners, serial_shops, shop, uniq_eustachio,
          uniq_sigmund, uniq_edmund, uniq_crazy_yiuf_cottage
D:5:      minmay_skewed_foursquare, layout_layer_cave
D:6:      layout_loops_corners, mainiacjoe_overflow_brackets,
          mainiacjoe_overflow_alcove_4, uniq_menkaure, uniq_pikel, uniq_grinder
D:7:      layout_basic, minmay_temple_entry_antechambers,
          nicolae_specific_store, minivault_25, minmay_holes,
          uniq_prince_ribbit1
D:8:      layout_rooms
D:9:      layout_basic, david_orc_1_choice, serial_shops,
          nicolae_shop_temple_entry_statues_fountains, uniq_harold
D:10:     layout_basic, serial_shops, kennysheep_little_box, uniq_urug
D:11:     layout_roguey, david_lair_generic
Temple:   dpeg_five_rooms_temple
Orc:1:    layout_caves, basic_altar, serial_shops, shop, gammafunk_ghost_grave
Orc:2:    st_orc_mages, layout_diamond_mine

Skill      XL: |  1  2  3  4  5  6  7  8  9 10 11 12 13 |
---------------+----------------------------------------+-----
Shields        | 4 5 8 9 |  9.0
Axes           | 3 4 5 7 9 11 13 15 16 | 16.0
Fighting       | 4 5 6 7 |  7.1
Throwing       | 2 5 6 |  6.8
Evocations     | 3 4 |  4.7
Armour         | 5 |  5.0

Action                   |  1- 3 |  4- 6 |  7- 9 | 10-12 | 13-15 || total
-------------------------+-------+-------+-------+-------+-------++-------
Melee: War axe           |    69 |   180 |   229 |   647 |   114 ||  1239
Throw: Javelin           |       |     1 |     3 |     9 |       ||    13
       Dart              |       |       |       |     6 |       ||     6
       Throwing net      |       |       |       |     1 |       ||     1
Invok: Potion Petition   |       |       |       |     2 |     1 ||     3
 Abil: Dig               |       |       |       |     7 |       ||     7
Evoke: Wand              |       |     6 |     3 |     6 |       ||    15
  Use: Scroll            |       |     4 |     3 |     7 |       ||    14
       Potion            |       |       |     4 |     2 |     2 ||     8
 Stab: Distracted        |       |       |     1 |     2 |       ||     3
       Invisible         |       |       |       |     6 |       ||     6
Armor: Scale mail        |    36 |    83 |    89 |   134 |     8 ||   350
       Chain mail        |       |       |       |       |     2 ||     2
Dodge: Dodged            |    15 |    60 |    70 |   200 |    23 ||   368
Block: Kite shield       |    45 |   123 |   116 |   277 |    32 ||   593
